 Dungeon Crawl Stone Soup version 0.21.1-1-g345015fe64 (webtiles) character file.

85 Htamos the Magician (level 4, -2/26 HPs)
             Began as a Deep Elf Conjurer on July 12, 2018.
             Slain by a gnoll
             ... wielding a +0 club
              (9 damage)
             ... on level 3 of the Dungeon.
             The game lasted 00:03:17 (2030 turns).

Htamos the Magician (Deep Elf Conjurer)             Turns: 2030, Time: 00:03:17

Health: -2/26      AC:  3    Str:  5    XL:     4   Next: 25%
Magic:  4/14       EV: 13    Int: 21    God:
Gold:   131        SH:  0    Dex: 15    Spells: 14/15 levels left

rFire    . . .     SeeInvis .   h - +0 short sword (protect)
rCold    . . .     Gourm    .   (no shield)
rNeg     . . .     Faith    .   a - +0 robe
rPois    .         Spirit   .   (no helmet)
rElec    .         Reflect  .   (no cloak)
rCorr    .         Harm     .   (no gloves)
MR       .....     Clarity  +   n - +0 pair of boots
Stlth    ++........             (no amulet)
HPRegen  0.08/turn              (no ring)
MPRegen  0.14/turn              (no ring)

@: no status effects
A: clarity, robust 1
a: no special abilities


You were on level 3 of the Dungeon.
You were not hungry.

You visited 1 branch of the dungeon, and saw 3 of its levels.

You collected 131 gold pieces.

Inventory:

Hand Weapons
 f - a +0 dagger
 h - a +0 short sword of protection (weapon)
Missiles
 d - 10 stones (quivered)
 k - 10 sling bullets
 r - 12 arrows
Armour
 a - a +0 robe (worn)
 n - a +0 pair of boots (worn)
Jewellery
 e - an uncursed ring of see invisible {unknown}
 i - an uncursed ring of resist corrosion {unknown}
 o - a +4 ring of evasion {unknown}
Scrolls
 g - a scroll of remove curse {unknown}
 m - 2 scrolls of identify {unknown}
 p - 2 scrolls of enchant weapon {unknown}
 q - a scroll of fear {unknown}
Potions
 s - a potion of brilliance {unknown}
Books
 b - a book of Conjurations

   Spells                             Type                      Level
   a - Magic Dart                     Conjuration                  1
   b - Searing Ray                    Conjuration                  2
   c - Dazzling Spray                 Conjuration/Hexes            3
   d - Fulminant Prism                Conjuration/Hexes            4
   e - Force Lance                    Conjuration/Translocation    4
   f - Iskenderun's Mystic Blast      Conjuration                  4
Comestibles
 c - 5 rations
 j - 5 chunks of flesh


   Skills:
 - Level 2.4 Dodging
 - Level 2.4 Stealth
 + Level 6.2 Spellcasting
 - Level 4.3 Conjurations


You had 14 spell levels left.
You knew the following spells:

 Your Spells              Type           Power        Failure   Level  Hunger
a - Magic Dart            Conj           ###.         1%          1    None


Dungeon Overview and Level Annotations

Branches:
Dungeon (3/15)

Altars:


Innate Abilities, Weirdness & Mutations

You possess an exceptional clarity of mind.
You are robust. (+10% HP)


Message History

Confirm with . or Enter, or press ? or * to list all spells.
Aiming: Magic Dart
Press: ? - help, Shift-Dir - straight line, f/p - sky beast
Aim: a sky beast The magic dart hits the sky beast.
The gnoll hits you with a club!
* * * LOW HITPOINT WARNING * * *
The sky beast hits you but does no damage.
Casting: Magic Dart
Confirm with . or Enter, or press ? or * to list all spells.
Aiming: Magic Dart
Press: ? - help, Shift-Dir - straight line, f/p - sky beast
Aim: a sky beast The magic dart hits the sky beast.
The sky beast is lightly wounded.
The gnoll closely misses you. The sky beast misses you.
Okay, then.
It was a potion of mutation.
You feel extremely strange.
You feel robust.
Your thoughts seem clearer.
The gnoll hits you with a club!
You die...

##+#
...#############++++#####
.g.#.....................
####≈≈≈≈≈≈≈≈≈≈≈≈....≈≈≈≈≈
≈≈≈≈≈≈≈≈≈≈≈≈≈≈≈≈....≈≈≈≈≈
≈≈≈≈≈≈≈≈≈≈≈≈≈≈≈≈.Y..≈≈≈≈≈
........).......@g†......
#######.##########.####..
..#####......# ..#
#............####.##
##...#.#..........
#...........##.#
.#.....#........####
.#..................
.....#######..#####


You could see a sky beast and a gnoll.

Vanquished Creatures
  A gnoll (D:3)
  An adder (D:3)
  A worm (D:3)
  3 dart slugs
  A leopard gecko (D:1)
  7 bats
  5 giant cockroaches
  3 goblins
  5 hobgoblins
  7 jackals
  7 kobolds
  A quokka (D:3)
  A ball python (D:1)
  5 frilled lizards
  4 rats
52 creatures vanquished.

Notes
Turn   | Place    | Note
-------+----------+-------------------------------------------
     0 | D:1      | Htamos the Deep Elf Conjurer began the quest for the Orb.
     0 | D:1      | Reached XP level 1. HP: 10/10 MP: 6/6
   181 | D:1      | Reached skill level 4 in Spellcasting
   181 | D:1      | Reached XP level 2. HP: 15/15 MP: 3/9
  1054 | D:2      | Reached XP level 3. HP: 19/19 MP: 8/11
  1150 | D:2      | Reached skill level 5 in Spellcasting
  1829 | D:3      | Reached XP level 4. HP: 24/24 MP: 4/13
  1868 | D:3      | Reached skill level 6 in Spellcasting
  2019 | D:3      | Noticed a sky beast
  2030 | D:3      | Gained mutation: You are robust. (+10% HP) [potion of mutation]
  2030 | D:3      | Gained mutation: You possess an exceptional clarity of mind. [potion of mutation]
  2030 | D:3      | Slain by a gnoll

Skill      XL: |  1  2  3  4 |
---------------+-------------+-----
Spellcasting   | 4 5 6 |  6.2
Dodging        | |  2.4
Stealth        | |  2.4
Conjurations   | |  4.3

Action                   |  1- 3 |  4- 6 || total
-------------------------+-------+-------++-------
Melee: Short sword       |     2 |       ||     2
 Cast: Magic Dart        |    97 |    24 ||   121
  Use: Potion            |       |     1 ||     1
  Eat: Chunk             |     3 |       ||     3
Armor: Robe              |     5 |     3 ||     8
Dodge: Dodged            |    15 |    10 ||    25
